 Dungeon Crawl Stone Soup version 0.29.0-13-gc9e81de378 (webtiles) character file.

Game seed: 9078584972213632558

98 sizableburger the Shooter (level 4, 0/26 HPs)
             Began as a Deep Elf Hunter on Sept 8, 2022.
             Slain by Crazy Yiuf
             ... wielding a +3 quarterstaff of chaos
              (3 damage)
             ... on level 3 of the Dungeon.
             The game lasted 00:05:42 (2826 turns).

sizableburger the Shooter (Deep Elf Hunter)         Turns: 2826, Time: 00:05:43

Health: 0/26       AC:  3    Str:  8    XL:     4   Next: 43%
Magic:  6/6        EV: 13    Int: 14    God:
Gold:   150        SH:  0    Dex: 20    Spells: 3/3 levels left

rFire   . . .      SeeInvis .   a - +0 shortbow
rCold   . . .      Faith    .   (shield currently unavailable)
rNeg    . . .      Spirit   .   c - +0 leather armour
rPois   .          Reflect  .   (no helmet)
rElec   .          Harm     .   (no cloak)
rCorr   .          Rampage  .   (no gloves)
Will    .....                   (no boots)
Stlth   ++........              (no amulet)
HPRegen 0.08/turn               (no ring)
MPRegen 0.10/turn               (no ring)

@: mighty
A: no striking features
a: no special abilities


You were on level 3 of the Dungeon.
You visited 1 branch of the dungeon, and saw 3 of its levels.

You collected 150 gold pieces.

Inventory:

Hand Weapons
 a - a +0 shortbow (weapon)
Armour
 c - a +0 leather armour (worn)
Jewellery
 g - a +4 ring of evasion
Scrolls
 b - a scroll of immolation
 d - 5 scrolls of identify {unknown}
 e - a scroll of amnesia {unknown}
 j - a scroll of magic mapping {unknown}
 l - a scroll of teleportation {unknown}
 n - 2 scrolls of enchant weapon {unknown}
 o - a scroll of noise {unknown}
Potions
 f - a potion of attraction {unknown}
 h - a potion of flight {unknown}
 i - 3 potions of might {unknown}
 k - 2 potions of curing {unknown}
 m - a potion of brilliance {unknown}
 p - a potion of magic {unknown}


   Skills:
 - Level 2.3 Fighting
 + Level 6.7 Ranged Weapons
 + Level 3.5 Dodging
 - Level 1.2 Stealth


You had 3 spell levels left.
You didn't know any spells.
Your spell library contained the following spells:

 Spells                   Type           Power      Damage    Failure   Level
 Slow                     Hex            0%         N/A       38%         1
 Summon Small Mammal      Summ           0%         N/A       38%         1
 Ensorcelled Hibernation  Hex/Ice        0%         N/A       54%         2
 Call Canine Familiar     Summ           0%         N/A       77%         3
 Confusing Touch          Hex            0%         N/A       77%         3
 Spider Form              Tmut/Pois      0%         N/A       77%         3
 Summon Guardian Golem    Hex/Summ       0%         N/A       77%         3
 Vampiric Draining        Necr           0%         2d6       77%         3
 Anguish                  Hex/Necr       0%         N/A       99%         4


Dungeon Overview and Level Annotations

Branches:
Dungeon (3/15)

Altars:
Uskayaw
Vehumet
Xom

Shops:
D:3 ?

Annotations:
D:3 2 runed translucent doors, Crazy Yiuf


Message History

Crazy Yiuf says, "Leather rumpyflump horse!"
Could not explore, unopened runed door.
As you open the door, it creaks loudly!
You shoot an arrow. The arrow hits Crazy Yiuf.
Crazy Yiuf is moderately wounded.
Crazy Yiuf hits you with a +3 quarterstaff of chaos!
Ouch! That really hurt!
You are too injured to fight recklessly!
You are too injured to fight recklessly!
You are too injured to fight recklessly!
Fire: a) +0 shortbow
Press: ? - help, Q - select action Shift-Dir - straight line, f/p - Crazy Yiuf
Aim: Crazy Yiuf, wielding a +3 quarterstaff of chaos and wearing a +0 cloak (moderately wounded, 69% to hit)
You shoot an arrow. The arrow hits Crazy Yiuf.
Crazy Yiuf is heavily wounded.
Crazy Yiuf drinks a potion.
Crazy Yiuf seems to speed up.
Crazy Yiuf barely misses you.
Fire: a) +0 shortbow
Press: ? - help, Q - select action Shift-Dir - straight line, f/p - Crazy Yiuf
Aim: Crazy Yiuf, wielding a +3 quarterstaff of chaos and wearing a +0 cloak (heavily wounded, fast, 69% to hit)
You shoot an arrow. The arrow hits Crazy Yiuf.
Crazy Yiuf is almost dead.
Crazy Yiuf misses you.
Fire: a) +0 shortbow
Press: ? - help, Q - select action Shift-Dir - straight line, f/p - Crazy Yiuf
Aim: Crazy Yiuf, wielding a +3 quarterstaff of chaos and wearing a +0 cloak (almost dead, fast, 69% to hit)
You shoot an arrow. The arrow hits Crazy Yiuf.
Crazy Yiuf is almost dead.
Crazy Yiuf hits you with a +3 quarterstaff of chaos.
You feel very mighty all of a sudden.
Crazy Yiuf says, "Scoff Xom arm!"
Crazy Yiuf misses you.
Fire: a) +0 shortbow
Press: ? - help, Q - select action Shift-Dir - straight line, f/p - Crazy Yiuf
Aim: Crazy Yiuf, wielding a +3 quarterstaff of chaos and wearing a +0 cloak (almost dead, fast, 69% to hit)
You shoot an arrow. The arrow closely misses Crazy Yiuf.
Crazy Yiuf hits you with a +3 quarterstaff of chaos!
* * * LOW HITPOINT WARNING * * *
Crazy Yiuf freezes you.
You die...

### #.# #......
..## #.# #.#####
#[.# #.# #.#...)
##.### ###
#.#.### #..)###
#.#.###
###...###♣♣♣♣♣
####.#).##
###.#....♣.♣♣♣
### #..).##.##
#.......♣..♣#...#
#######.##
#......♣♣♣♣@g...#
#.## ##....♣♣
♣♣#..)# #.##
####♣♣ ### #.##
###.## #.[...
######


You could see Crazy Yiuf (fast).

Vanquished Creatures
  4 adders
  2 dart slugs
  2 orcs (D:3)
  4 endoplasms
  2 giant cockroaches
  8 hobgoblins
  3 kobolds
  2 quokkas
  4 ball pythons (D:2)
  4 bats
  7 frilled lizards
  8 goblins
  4 rats
54 creatures vanquished.

Vanquished Creatures (others)
  2 fungi (D:1)
2 creatures vanquished.

Grand Total: 56 creatures vanquished

Notes
Turn   | Place    | Note
-------+----------+-------------------------------------------
     0 | D:1      | sizableburger the Deep Elf Hunter began the quest for the
                  | Orb.
     0 | D:1      | Reached XP level 1. HP: 12/12 MP: 3/3
   111 | D:1      | Reached XP level 2. HP: 17/17 MP: 4/4
   230 | D:1      | Found a faded altar of an unknown god.
   913 | D:2      | Reached skill level 6 in Ranged Weapons
   985 | D:2      | Reached XP level 3. HP: 21/21 MP: 5/5
  1923 | D:3      | Found a radiant altar of Vehumet.
  1923 | D:3      | Found a hide-covered altar of Uskayaw.
  1934 | D:3      | Found a large runed translucent door.
  1942 | D:3      | Found a large runed translucent door.
  1942 | D:3      | Found a shimmering altar of Xom.
  2032 | D:3      | Reached XP level 4. HP: 22/26 MP: 6/6
  2208 | D:3      | Found Assy's Magic Scroll Boutique.
  2577 | D:3      | Found a runed translucent door.
  2578 | D:3      | Noticed Crazy Yiuf
  2826 | D:3      | Slain by Crazy Yiuf

Illustrated notes

Levels and vault maps discovered:
D:1:      lightli_arrival_statue_moat, layout_loops_cross, serial_bayou,
          serial_bayou_pond_d, serial_bayou_lagoon_a, serial_bayou_pond_c,
          serial_bayou_pond_b, serial_bayou_crossing,
          dreamdust_ecumenical_altar_grove, grunt_decor_junction, minivault_26,
          kennysheep_doodads
D:2:      layout_basic, grunt_ministairs_4, minmay_tromino_v4_b
D:3:      due_chaos_kobolds, layout_basic, gammafunk_temple_overflow_wave,
          serial_shops, shop, uniq_crazy_yiuf_cottage

Skill      XL: |  1  2  3 |
---------------+----------+-----
Fighting       | 2 |  2.3
Ranged Weapons | 6 |  6.7
Dodging        | 3 |  3.5
Stealth        | |  1.2

Action                   |  1- 3 |  4- 6 || total
-------------------------+-------+-------++-------
 Fire: Shortbow          |    90 |    35 ||   125
Armor: Leather armour    |     2 |       ||     2
Dodge: Dodged            |    14 |     5 ||    19
